 Dungeon Crawl Stone Soup version 0.18.1-48-g4cf74bf (webtiles) character file.

187783 Volodin the Earth Mage (level 19, -2/191 HPs)
             Began as a Human Earth Elementalist on Aug 23, 2016.
             Was the Champion of Nemelex Xobeh.
             Slain by a salamander
             ... wielding a +0 halberd
              (10 damage)
             ... on level 3 of the Snake Pit on Aug 27, 2016.
             The game lasted 03:16:26 (48223 turns).

Volodin the Earth Mage (Human Earth Elementalist)  Turns: 48223, Time: 03:16:27

Health: -2/191     AC: 38    Str: 13    XL:     19   Next: 22%
Magic:  34/36      EV: 21    Int: 24    God:    Nemelex Xobeh [******]
Gold:   889        SH:  0    Dex: 19    Spells: 9 memorised, 17 levels left

rFire  . . .     SeeInvis .     H - +10 quarterstaff of Summertime {holy, +Blink Str+4}
rCold  + + .     Gourm    .     (armour currently unavailable)
rNeg   + . .     Faith    .     (shield currently unavailable)
rPois  ∞         Spirit   .     J - +2 hat
rElec  +         Dismiss  .     C - +2 cloak {rC+}
rCorr  .         Reflect  .     (gloves currently unavailable)
SustAt .         Harm     .     (boots currently unavailable)
MR     +....                    F - amulet of magic regeneration
Stlth  +++.......               B - ring "Zicaggat" {+Inv rPois rC+ Int+3 Dex+3}
                                j - +6 ring of protection

@: statue-form, slowed, constricted, very slow, somewhat resistant to hostile
enchantments, fairly stealthy
A: (icy blue scales 0), (molten scales 0), mutation resistance 1, MP-powered
wands
a: End Transformation, Triple Draw, Deal Four, Stack Five, Renounce Religion,
Evoke Blink, Evoke Invisibility


You were on level 3 of the Snake Pit.
You worshipped Nemelex Xobeh.
Nemelex Xobeh was exalted by your worship.
You were full.
You were a stone statue.
You visited 7 branches of the dungeon, and saw 31 of its levels.
You also visited: Labyrinth, Ice Cave, Volcano and Wizlab.

You collected 3393 gold pieces.
You spent 2504 gold pieces at shops.

Inventory:

Hand Weapons
 H - the +10 quarterstaff of Summertime (weapon) {holy, +Blink Str+4}
   (You bought it in a shop on level 9 of the Dungeon)

   It has been blessed by the Shining One to cause great damage to the undead
   and demons.
   It affects your strength (+4).
   It lets you blink.
Missiles
 b - 505 stones (quivered)
Armour
 f - a +2 pair of gloves (melded)
 y - a +2 robe of magic resistance (melded)
 C - a +2 cloak of cold resistance (worn)
 J - a +2 hat (worn)
 Q - a +2 pair of boots (melded)
Jewellery
 j - a +6 ring of protection (left hand)
 t - an uncursed ring of resist corrosion
 v - an uncursed ring of wizardry
 z - an uncursed ring of protection from fire
 B - the ring "Zicaggat" (right hand) {+Inv rPois rC+ Int+3 Dex+3}
   (You found it in a labyrinth)

   [ring of intelligence]

   It affects your intelligence (+3).
   It affects your dexterity (+3).
   It protects you from cold.
   It protects you from poison.
   It lets you turn invisible.
 E - an uncursed ring of flight
 F - an amulet of magic regeneration (around neck)
 L - an uncursed ring of see invisible
 U - an uncursed ring of protection from magic
 Y - an uncursed ring of protection from cold
Wands
 a - a wand of acid (10/15)
 w - a wand of digging (8/24)
 D - a wand of heal wounds (5/9)
 T - a wand of confusion (25/48)
Scrolls
 c - 2 scrolls of enchant armour
 e - 7 scrolls of teleportation
 h - 15 scrolls of remove curse
 k - 5 scrolls of fear
 l - 4 scrolls of magic mapping
 m - 4 scrolls of fog
 A - 3 scrolls of blinking
 G - 5 scrolls of immolation
 P - 3 scrolls of identify
 Z - 4 scrolls of recharging
Potions
 d - 12 potions of curing
 i - 5 potions of brilliance
 o - 4 potions of lignification
 p - 4 potions of might
 r - 3 potions of resistance
 x - a potion of haste
 I - a potion of heal wounds
 W - 5 potions of agility
 X - 6 potions of flight
Miscellaneous
 g - an ornate deck of destruction {drawn: 1}
 n - a box of beasts {used: 10}
 s - an ornate deck of destruction {Degeneration, drawn: 1}
 u - an ornate deck of war {the Potion, left: 5}
 K - a sack of spiders
 M - a legendary deck of escape {Warpwright, left: 5}
 O - a phial of floods
 R - an ornate deck of war {the Elements}
 S - a legendary deck of destruction {Pain, drawn: 4}
 V - a disc of storms
Comestibles
 q - 7 bread rations
 N - 3 royal jellies


   Skills:
 + Level 12.4 Fighting
 + Level 12.1 Staves
 + Level 14.2 Dodging
 - Level 4.1 Stealth
 + Level 13.0 Spellcasting
 - Level 9.5 Transmutations
 + Level 15.2 Earth Magic
 + Level 9.3 Evocations


You had 17 spell levels left.
You knew the following spells:

 Your Spells              Type           Power        Failure   Level  Hunger
a - Stone Arrow           Conj/Erth      ######       1%          3    None
b - Sandblast             Erth           ######       0%          1    None
k - Blink                 Tloc           N/A          8%          2    None
l - Lee's Rapid Deconstr  Erth           ######....   1%          5    ###....
p - Petrify               Trmt/Erth      ######..     1%          4    None
s - Statue Form           Trmt/Erth      ######...    4%          6    #####..
w - Passwall              Trmt/Erth      ######....   1%          2    None
R - Repel Missiles        Chrm/Air       ###...       8%          2    None
S - Swiftness             Chrm/Air       ###.....     8%          2    None


Dungeon Overview and Level Annotations

Branches:
Dungeon (15/15)            Temple (1/1) D:6            Lair (8/8) D:11
 Shoals (1/4) Lair:5        Snake (3/4) Lair:4        Slime (0/6) Lair:6
    Orc (2/2) D:10            Elf (0/3) Orc:2        Vaults (0/5) D:13
 Depths (1/5) D:15

Altars:
Ashenzari
Cheibriados
Dithmenos
Elyvilon
Fedhas
Gozag
Kikubaaqudgha
Makhleb
Nemelex Xobeh
Okawaru
Pakellas
Qazlal
Ru
Sif Muna
Trog
Vehumet
Xom
Yredelemnul
Zin
The Shining One
Jiyva

Shops:
D:6 (   D:8 (   D:9 *   D:13 [*((   Orc:1 =   Orc:2 (:*!   Shoals:1 (

Portals:
Hell: Depths:1
Ziggurat: Depths:1

Annotations:
D:6 kosy22's ghost, novice TrMo


Innate Abilities, Weirdness & Mutations

((You are partially covered in icy blue scales (AC +1).))
((You are partially covered in molten scales (AC +1).))
You are somewhat resistant to further mutation.
You expend magic power (3 MP) to strengthen your wands.


Message History

The salamander hits you but does no damage.
Your mature batweird beast hits the naga warrior.
Unknown command.
You hit the naga warrior.
The naga warrior is moderately wounded.
Your mature batweird beast hits the salamander!
Your mature batweird beast grabs the salamander.
Your mature batweird beast constricts the salamander!
Your mature batweird beast releases its grip on the salamander.
The naga warrior completely misses you.
* * * LOW HITPOINT WARNING * * *
The naga warrior constricts you. The salamander closely misses you.
The naga warrior hits you with a scimitar!
* * * LOW HITPOINT WARNING * * *
x2 The naga warrior constricts you.
The salamander hits you from afar with a halberd.
* * * LOW HITPOINT WARNING * * *
You are engulfed in flames!
You die...
Your body glows with a rainbow of weird colours and disappears.

######### #####
####.......#########....
........................
......................[.
......).)...............
......†8N...............
.........H..............
.........N..............
#########.............##
##..≈≈.......##
#...........#
##......)[..## ##
#...........#
#.######...........##


You could see a naga warrior, a salamander and a friendly mature batweird beast.

Vanquished Creatures
  An ancient lich (WizLab)
  The ghost of Ferkelamun the Severer, a veteran FoFi of Qazlal (WizLab)
  Rupert (D:15)
  An ancient champion (WizLab)
  Kirke (Lair:7)
  2 fire giants (Depths:1)
  2 greater nagas (Snake:3)
  A stone giant (Orc:1)
  A vampire knight (Depths:1)
  Azrael (D:15)
  A minotaur (Lab)
  2 ettins
  Snorg (Orc:2)
  8 vault guards
  The ghost of Joat the Grappler, a journeyman DrMo (Lair:8)
  6 naga warriors
  Harold (D:12)
  5 catoblepae
  5 centaur warriors
  5 hydras
  9 anacondas
  2 tengu warriors (D:15)
  4 ogre magi
  23 death yaks
  A queen ant (Lair:1)
  4 shock serpents (Snake:3)
  3 naga sharpshooters
  Sonja (D:12)
  An orc high priest (Orc:1)
  A deep elf knight (D:15)
  A salamander mystic (Snake:2)
  14 skeletal warriors
  A swamp dragon (shapeshifter) (D:15)
  3 unseen horrors
  4 naga ritualists
  A deep elf archer (D:15)
  3 deep trolls
  12 hill giants
  A lindwurm (Lair:4)
  An orc knight (D:15)
  A necromancer (Lair:7)
  A wolf spider zombie (D:14)
  13 ugly things
  An orc sorcerer (Orc:1)
  9 deep elf magi
  5 cyclopes
  3 mana vipers
  5 salamanders
  A griffon (Lair:7)
  3 centaur zombies (D:14)
  6 elephants
  Joseph (Lair:1)
  3 guardian serpents
  A manticore (D:14)
  28 black mambas
  A siren (Lair:5)
  8 naga magi
  5 spectral swamp worms (Depths:1)
  2 gargoyles (D:14)
  16 spiny frogs
  2 rime drakes
  3 kobold demonologists (D:15)
  9 komodo dragons
  2 freezing wraiths
  7 ice devils (IceCv)
  A komodo dragon (shapeshifter) (D:14)
  An efreet (D:13)
  A tengu conjurer (D:14)
  4 anaconda simulacra (IceCv)
  A queen bee (D:8)
  2 polar bears
  13 trolls
  A jumping spider (shapeshifter) (D:15)
  Grinder (D:3)
  10 blink frogs
  A hornet zombie (D:15)
  15 two-headed ogres
  A minotaur skeleton (Lab)
  6 vampires
  30 yaks
  A shadow (D:7)
  A tarantella (shapeshifter) (D:14)
  5 basilisks
  2 wraiths
  A fire bat (Volcano)
  4 fire elementals (D:15)
  3 hill giant zombies (WizLab)
  A human (Lair:7)
  A dire elephant simulacrum (IceCv)
  2 steam dragons
  3 wyverns
  7 hungry ghosts
  3 hogs
  8 hippogriffs
  8 vampire mosquitoes
  2 wargs (Orc:2)
  Menkaure (D:6)
  22 nagas
  3 harpy simulacra (IceCv)
  3 hell hounds
  3 iron troll simulacra (IceCv)
  6 soldier ants
  A giant eyeball (shapeshifter) (D:14)
  14 water moccasins
  3 hydra simulacra (IceCv)
  12 porcupines
  6 ice beasts
  22 orc warriors
  A wasp (D:14)
  12 wolves
  An alligator simulacrum (IceCv)
  6 phantoms
  6 sky beasts
  A black bear (D:7)
  26 ogres
  An eye of draining (D:14)
  6 boggarts
  27 centaurs
  15 crocodiles
  5 big kobolds
  20 giant frogs
  A wyvern zombie (D:7)
  3 wyvern skeletons
  7 scorpions
  8 troll zombies (WizLab)
  16 killer bees
  13 wights
  2 elephant simulacra (IceCv)
  An electric eel (Orc:1)
  2 howler monkeys
  6 crimson imps
  2 giant frog zombies
  3 draconian simulacra (IceCv)
  A quasit (D:12)
  19 orc priests
  A giant frog skeleton (D:8)
  8 hounds
  5 iguanas
  6 jellies
  24 orc wizards
  6 centaur skeletons
  2 spriggan simulacra (IceCv)
  3 troll simulacra (IceCv)
  2 yak simulacra (Lair:7)
  4 polar bear simulacra
  39 worker ants
  5 wolf simulacra (Lair:7)
  35 sheep
  2 centaur simulacra
  5 ogre zombies (WizLab)
  3 hound zombies
  A hound skeleton (D:3)
  A worker ant zombie (D:10)
  Robin (D:3)
  12 adders
  17 gnolls
  A naga simulacrum (IceCv)
  2 ogre simulacra (IceCv)
  58 river rats
  8 shadow imps
  4 white imps (IceCv)
  2 ufetubi (IceCv)
  An ooze (D:7)
  An adder skeleton (D:8)
  6 worms
  A giant gecko (D:3)
  82 orcs
  4 giant cockroaches
  10 goblins
  14 hobgoblins
  13 jackals
  21 kobolds
  4 quokkas
  A ball python (D:5)
  4 bats
  4 giant gecko skeletons
  4 giant newts
  9 rats
  2 river rat simulacra (Lair:7)
1158 creatures vanquished.

Vanquished Creatures (collateral kills)
  A greater naga (Snake:3)
  A blizzard demon (IceCv)
  2 naga warriors (Snake:3)
  2 shock serpents (Snake:3)
  A salamander (Snake:3)
  2 deep elf magi (Orc:1)
  2 black mambas (Snake:3)
  3 naga magi (Snake:3)
  A harpy simulacrum (IceCv)
  12 nagas (Snake:3)
  An orc warrior (Orc:1)
  An orc wizard (Orc:1)
  An orc priest (Orc:1)
30 creatures vanquished.

Vanquished Creatures (others)
  A salamander (Snake:3)
  A human (Lair:7)
  A water moccasin (Lair:7)
  A white imp (IceCv)
  2 ufetubi (IceCv)
  An orc (Orc:1)
  32 fungi
  22 plants
61 creatures vanquished.

Grand Total: 1249 creatures vanquished

Notes
Turn   | Place    | Note
--------------------------------------------------------------
     0 | D:1      | Volodin the Human Earth Elementalist began the quest for the Orb.
     0 | D:1      | Reached XP level 1. HP: 13/13 MP: 3/3
   118 | D:1      | Reached XP level 2. HP: 12/20 MP: 1/5
   350 | D:1      | Reached skill level 1 in Fighting
   673 | D:1      | Reached XP level 3. HP: 26/26 MP: 1/6
   933 | D:2      | Learned a level 3 spell: Stone Arrow
  1689 | D:3      | Noticed a centaur
  2101 | D:3      | Killed a centaur
  2101 | D:3      | Reached XP level 4. HP: 27/33 MP: 3/7
  2101 | D:3      | Reached XP level 5. HP: 31/38 MP: 3/8
  2627 | D:3      | Reached XP level 6. HP: 44/44 MP: 1/9
  2763 | D:3      | Reached skill level 4 in Earth Magic
  2764 | D:3      | Noticed Robin
  2934 | D:3      | Killed Robin
  3674 | D:3      | Noticed Grinder
  3720 | D:3      | Killed Grinder
  3720 | D:3      | Reached XP level 7. HP: 11/51 MP: 1/12
  3972 | D:3      | Found a blossoming altar of Fedhas.
  3979 | D:3      | Found a bloodstained altar of Trog.
  3987 | D:3      | Found a basalt altar of Yredelemnul.
  5644 | D:5      | Entered Level 5 of the Dungeon
  5864 | D:5      | Found a shimmering altar of Xom.
  5897 | D:5      | Reached skill level 1 in Staves
  5897 | D:5      | Reached XP level 8. HP: 42/58 MP: 10/13
  6033 | D:5      | Reached skill level 5 in Earth Magic
  6646 | D:5      | Found an ancient bone altar of Kikubaaqudgha.
  6708 | D:5      | Learned a level 2 spell: Passwall
  7577 | D:6      | Found Mowikask's Weapon Boutique.
  7612 | D:6      | Noticed kosy22's ghost (novice TrMo)
  7892 | D:6      | Got a brightly glowing robe
  7903 | D:6      | Identified the cursed +0 robe "Vuguogubb" {rF++} (You found it on level 6 of the Dungeon)
  7921 | D:6      | Found a sacrificial altar of Ru.
  7935 | D:6      | Noticed Menkaure
  8229 | D:7      | Got a flickering lead ring
  8231 | D:7      | Identified the ring "Jeliputhyv" {*Tele rElec} (You found it on level 7 of the Dungeon)
  8544 | D:7      | Reached skill level 5 in Dodging
  8723 | D:7      | Reached XP level 9. HP: 56/66 MP: 11/15
  9414 | D:7      | Reached skill level 6 in Earth Magic
  9617 | D:7      | Reached skill level 5 in Fighting
  9691 | D:6      | Found a staircase to the Ecumenical Temple.
  9696 | Temple   | Entered the Ecumenical Temple
  9944 | Temple   | Became a worshipper of Nemelex Xobeh the Trickster
 10172 | D:7      | Reached skill level 5 in Spellcasting
 10987 | D:6      | Killed Menkaure
 11162 | D:6      | Received a gift from Nemelex Xobeh
 11678 | D:8      | Reached XP level 10. HP: 65/74 MP: 6/18
 12124 | D:8      | Found Mismumoc's Antique Weapon Emporium.
 12153 | D:7      | Reached skill level 7 in Earth Magic
 12772 | D:8      | Reached skill level 5 in Staves
 14261 | D:8      | Gained mutation: You are covered in fur (AC +1). [mutagenic meat]
 14262 | D:8      | Gained mutation: You have sharp toenails. [mutagenic meat]
 14263 | D:8      | Gained mutation: You regenerate slowly when monsters are visible. [mutagenic meat]
 14265 | D:8      | Gained mutation: Your muscles are strong. (Str +2) [mutagenic meat]
 14609 | D:9      | Found Piwustr Faukk's Assorted Antiques.
 14614 | D:9      | Bought an ivory quarterstaff for 225 gold pieces
 14614 | D:9      | Bought a scroll of identify for 50 gold pieces
 14614 | D:9      | Bought a scroll of remove curse for 75 gold pieces
 14614 | D:9      | Bought a scroll of teleportation for 75 gold pieces
 14615 | D:9      | Identified the +10 quarterstaff of Summertime {holy, +Blink Str+4} (You bought it in a shop on level 9 of the Dungeon)
 14623 | D:9      | Learned a level 5 spell: Lee's Rapid Deconstruction
 14628 | D:9      | Learned a level 4 spell: Petrify
 14667 | D:9      | Found a snail-covered altar of Cheibriados.
 14670 | D:9      | Reached * piety under Nemelex Xobeh
 14775 | D:9      | Received a gift from Nemelex Xobeh
 14954 | D:9      | Reached XP level 11. HP: 83/83 MP: 20/20
 15020 | D:9      | Found a stormy altar of Qazlal.
 15056 | D:9      | Reached skill level 1 in Evocations
 15405 | D:10     | Entered Level 10 of the Dungeon
 15701 | D:10     | Found a staircase to the Orcish Mines.
 15722 | D:10     | Reached skill level 8 in Earth Magic
 15726 | D:10     | Noticed a hill giant
 15734 | D:10     | Killed a hill giant
 16033 | D:10     | Noticed a hill giant
 16041 | D:10     | Killed a hill giant
 16673 | D:11     | Received a gift from Nemelex Xobeh
 16673 | D:11     | Noticed a red ugly thing
 16721 | D:10     | Killed a red ugly thing
 16936 | D:11     | Reached ** piety under Nemelex Xobeh
 16994 | D:11     | Found a staircase to the Lair.
 17947 | D:11     | Noticed a hill giant
 17954 | D:11     | Killed a hill giant
 17954 | D:11     | Reached XP level 12. HP: 85/92 MP: 3/23
 18071 | Lair:1   | Entered Level 1 of the Lair of Beasts
 18124 | Lair:1   | Received a gift from Nemelex Xobeh
 18129 | Lair:1   | Reached *** piety under Nemelex Xobeh
 18138 | Lair:1   | Found a labyrinth entrance.
 18148 | Lab      | Entered a labyrinth
 18156 | Lab      | Reached skill level 9 in Earth Magic
 18570 | Lab      | Noticed a minotaur
 18585 | Lab      | Killed a minotaur
 18877 | Lab      | Got a vibrating brass ring
 18887 | Lab      | Identified the ring "Zicaggat" {+Inv rPois rC+ Int+3 Dex+3} (You found it in a labyrinth)
 18919 | Lair:1   | Noticed Joseph
 18923 | Lair:1   | Killed Joseph
 18996 | Lair:1   | Received a gift from Nemelex Xobeh
 19286 | Lair:1   | Gained mutation: Your magical capacity is low (-10% MP). [potion of mutation]
 19286 | Lair:1   | Gained mutation: You are resistant to hostile enchantments. [potion of mutation]
 19286 | Lair:1   | Gained mutation: You passively map a small area around you. [potion of mutation]
 19370 | Lair:1   | Received a gift from Nemelex Xobeh
 19590 | Lair:2   | Reached **** piety under Nemelex Xobeh
 19908 | Lair:2   | Noticed a six-headed hydra
 19923 | Lair:2   | Killed a six-headed hydra
 20470 | Lair:2   | Noticed a queen ant
 20486 | Lair:1   | Killed a queen ant
 20486 | Lair:1   | Reached skill level 5 in Evocations
 21451 | Lair:2   | Reached XP level 13. HP: 98/100 MP: 22/22
 21927 | Lair:3   | Received a gift from Nemelex Xobeh
 22410 | Lair:4   | Received a gift from Nemelex Xobeh
 22508 | Lair:4   | Found a dark tunnel.
 22760 | Volcano  | Entered a volcano
 22785 | Volcano  | Reached skill level 10 in Earth Magic
 23141 | Volcano  | Reached ***** piety under Nemelex Xobeh
 23493 | Lair:4   | Learned a level 2 spell: Swiftness
 23683 | Lair:4   | Received a gift from Nemelex Xobeh
 23887 | Lair:4   | Found a staircase to the Snake Pit.
 24748 | Lair:5   | Received a gift from Nemelex Xobeh
 25085 | Lair:5   | Noticed a catoblepas
 25101 | Lair:5   | Killed a catoblepas
 25365 | Lair:5   | Found a staircase to the Shoals.
 25379 | Lair:5   | Reached skill level 10 in Dodging
 25919 | Shoals:1 | Entered Level 1 of the Shoals
 25931 | Shoals:1 | Received a gift from Nemelex Xobeh
 25943 | Shoals:1 | Found a frozen archway.
 25950 | Shoals:1 | Found Woczi's Antique Weapon Boutique.
 25956 | IceCv    | Entered an ice cave
 27646 | IceCv    | Noticed an Ice Fiend
 27675 | IceCv    | Noticed a Brimstone Fiend
 27675 | IceCv    | an Ice Fiend changed into a Brimstone Fiend
 27680 | IceCv    | Noticed a blizzard demon
 27680 | IceCv    | a Brimstone Fiend changed into a blizzard demon
 27683 | IceCv    | Killed a blizzard demon
 28452 | IceCv    | Reached XP level 14. HP: 65/109 MP: 20/24
 29184 | Lair:6   | Received a gift from Nemelex Xobeh
 29498 | Lair:6   | Reached skill level 10 in Fighting
 30168 | Lair:6   | Found a staircase to the Slime Pits.
 30299 | Lair:6   | Received a gift from Nemelex Xobeh
 30653 | Lair:6   | Found a viscous altar of Jiyva.
 30774 | Lair:6   | Lost mutation: You passively map a small area around you. [potion of cure mutation]
 30774 | Lair:6   | Lost mutation: Your magical capacity is low (-10% MP). [potion of cure mutation]
 30774 | Lair:6   | Lost mutation: You are resistant to hostile enchantments. [potion of cure mutation]
 31038 | Lair:6   | Reached skill level 11 in Earth Magic
 31976 | Lair:7   | Received a gift from Nemelex Xobeh
 32307 | Lair:7   | Noticed Kirke
 32316 | Lair:7   | Killed Kirke
 32316 | Lair:7   | Reached skill level 10 in Staves
 32316 | Lair:7   | Reached skill level 10 in Spellcasting
 33093 | Lair:8   | Entered Level 8 of the Lair of Beasts
 33111 | Lair:8   | Received a gift from Nemelex Xobeh
 33387 | Lair:8   | Reached XP level 15. HP: 108/117 MP: 29/29
 33446 | Lair:8   | Received a gift from Nemelex Xobeh
 33541 | Lair:8   | Learned a level 6 spell: Statue Form
 33872 | Lair:8   | Reached skill level 12 in Earth Magic
 34693 | Lair:8   | Noticed Joat's ghost (journeyman DrMo)
 34712 | Lair:8   | Killed Joat's ghost
 35133 | Lair:6   | Reached skill level 5 in Transmutations
 35488 | Orc:1    | Entered Level 1 of the Orcish Mines
 35516 | Orc:1    | Received a gift from Nemelex Xobeh
 36012 | Orc:2    | Entered Level 2 of the Orcish Mines
 36107 | Orc:1    | Found Gunaw's Jewellery Boutique.
 36111 | Orc:1    | Paralysed by an orc sorcerer for 5 turns
 36279 | Orc:1    | Bought a +6 ring of protection for 1014 gold pieces
 36317 | Orc:2    | Found a staircase to the Elven Halls.
 36397 | Orc:2    | Noticed a stone giant
 37000 | Orc:1    | Killed a stone giant
 37000 | Orc:1    | Reached XP level 16. HP: 61/124 MP: 28/30
 37610 | Orc:2    | Found Serozyikh's Weapon Emporium.
 37616 | Orc:2    | Found Xoyleg's Book Shoppe.
 37682 | Orc:2    | Found Biphegg's Assorted Antiques.
 37695 | Orc:2    | Found Ecaet's Distillery.
 37709 | Orc:2    | Noticed Snorg
 37714 | Orc:2    | Reached skill level 13 in Earth Magic
 37729 | Orc:2    | Killed Snorg
 37764 | Orc:2    | Received a gift from Nemelex Xobeh
 37845 | Orc:2    | Bought a scroll of identify for 44 gold pieces
 37855 | Orc:2    | Bought a potion of curing for 48 gold pieces
 37855 | Orc:2    | Bought a potion of curing for 48 gold pieces
 37855 | Orc:2    | Bought a potion of haste for 160 gold pieces
 37855 | Orc:2    | Bought a potion of resistance for 160 gold pieces
 37855 | Orc:2    | Bought a potion of lignification for 48 gold pieces
 37865 | Orc:2    | Bought a book of Minor Magic for 320 gold pieces
 37868 | Orc:2    | Learned a level 2 spell: Blink
 37871 | Orc:2    | Learned a level 2 spell: Repel Missiles
 38331 | D:12     | Noticed Sonja
 38340 | D:12     | Killed Sonja
 38364 | D:12     | Got an encrusted quarterstaff
 38365 | D:12     | Identified the +5 quarterstaff of Hueveovu {venom, rC+ Str+4} (You found it on level 12 of the Dungeon)
 38671 | D:12     | Noticed Harold
 38701 | D:12     | Killed Harold
 38881 | D:13     | Found Dohor's General Store.
 39188 | D:13     | Found Puilugapp's Antique Weapon Shoppe.
 39229 | D:13     | Found Giypnebb's Antique Weapon Shoppe.
 39233 | D:13     | Received a gift from Nemelex Xobeh
 39790 | D:13     | Found Zyadear's Antique Armour Emporium.
 39839 | D:13     | Bought a scroll of teleportation for 57 gold pieces
 39839 | D:13     | Bought a scroll of recharging for 180 gold pieces
 39887 | D:13     | Found a gate to the Vaults.
 40033 | D:14     | Received a gift from Nemelex Xobeh
 40061 | D:14     | Lost mutation: You have sharp toenails. [mutagenic meat]
 40062 | D:14     | Gained mutation: You occasionally shout uncontrollably at your foes. [mutagenic meat]
 40064 | D:14     | Gained mutation: You expend magic power (3 MP) to strengthen your wands. [mutagenic meat]
 40066 | D:14     | Lost mutation: You expend magic power (3 MP) to strengthen your wands. [potion of cure mutation]
 40066 | D:14     | Lost mutation: Your muscles are strong. (Str +2) [potion of cure mutation]
 40066 | D:14     | Lost mutation: You occasionally shout uncontrollably at your foes. [potion of cure mutation]
 40066 | D:14     | Lost mutation: You regenerate slowly when monsters are visible. [potion of cure mutation]
 40066 | D:14     | Lost mutation: You are covered in fur (AC +1). [potion of cure mutation]
 40531 | D:14     | Gained mutation: You are weak. (Str -2) [mutagenic meat]
 40532 | D:14     | Gained mutation: Your spells are a little harder to cast, but a little more powerful. [mutagenic meat]
 40533 | D:14     | Gained mutation: Scrolls take you a little longer to read. [mutagenic meat]
 40534 | D:14     | Lost mutation: Scrolls take you a little longer to read. [potion of cure mutation]
 40534 | D:14     | Lost mutation: You are weak. (Str -2) [potion of cure mutation]
 40534 | D:14     | Lost mutation: Your spells are a little harder to cast, but a little more powerful. [potion of cure mutation]
 40546 | D:14     | Reached XP level 17. HP: 129/129 MP: 29/32
 41390 | D:14     | Reached skill level 14 in Earth Magic
 41879 | D:15     | Entered Level 15 of the Dungeon
 41879 | D:15     | Received a gift from Nemelex Xobeh
 41884 | D:14     | Gained mutation: You are partially covered in molten scales (AC +1). [potion of beneficial mutation]
 42290 | D:15     | Gained mutation: You are partially covered in icy blue scales (AC +1). [mutagenic meat]
 42291 | D:15     | Gained mutation: You expend magic power (3 MP) to strengthen your wands. [mutagenic meat]
 42789 | D:15     | Found a staircase to the Depths.
 42799 | D:15     | Received a gift from Nemelex Xobeh
 42866 | D:15     | Found a shadowy altar of Dithmenos.
 42869 | D:15     | Noticed Rupert
 42882 | D:15     | Killed Rupert
 42966 | D:15     | Noticed Azrael
 42979 | D:15     | Killed Azrael
 43062 | D:15     | Gained mutation: You occasionally shout uncontrollably at your foes. [mutagenic meat]
 43063 | D:15     | Gained mutation: You are somewhat resistant to further mutation. [mutagenic meat]
 43064 | D:15     | Lost mutation: You occasionally shout uncontrollably at your foes. [mutagenic meat]
 43650 | Depths:1 | Entered Level 1 of the Depths
 43704 | Depths:1 | Found a gateway to Hell.
 43740 | Depths:1 | Reached ****** piety under Nemelex Xobeh
 43755 | Depths:1 | Found a gateway to a ziggurat.
 43766 | Depths:1 | Found a magical portal.
 43873 | WizLab   | Entered Zonguldrok's Shrine
 43889 | WizLab   | Noticed Ferkelamun's ghost (veteran FoFi)
 43918 | WizLab   | Killed Ferkelamun's ghost
 44090 | WizLab   | Reached XP level 18. HP: 105/138 MP: 28/34
 44123 | WizLab   | Noticed an antique lich
 44129 | WizLab   | Killed an antique lich
 44449 | Depths:1 | Received a gift from Nemelex Xobeh
 44676 | Snake:1  | Entered Level 1 of the Snake Pit
 45779 | Snake:2  | Received a gift from Nemelex Xobeh
 46160 | Snake:2  | Received a gift from Nemelex Xobeh
 46184 | Snake:2  | Reached skill level 15 in Earth Magic
 47195 | Snake:3  | Reached XP level 19. HP: 146/146 MP: 35/35
 47647 | Snake:3  | Received a gift from Nemelex Xobeh
 48223 | Snake:3  | HP: 9/191 [naga warrior/scimitar (5)]
 48223 | Snake:3  | Slain by a salamander

Skill      XL: |  1  2  3  4  5  6  7  8  9 10 11 12 13 14 15 16 17 18 19 |
---------------+----------------------------------------------------------+-----
Fighting       | 1 2 3 4 5 6 7 8 9 10 11 12 | 12.4
Dodging        | 3 4 5 6 7 8 9 10 11 12 13 14 | 14.2
Stealth        | 3 4 |  4.1
Earth Magic    | 4 5 6 7 8 9 10 11 12 13 14 15 | 15.2
Spellcasting   | 3 4 5 6 7 8 9 10 11 12 13 | 13.0
Staves         | 1 2 4 5 6 8 9 10 11 12 | 12.1
Evocations     | 3 5 7 8 9 |  9.3
Transmutations | 6 9 |  9.5

Action                   |  1- 3 |  4- 6 |  7- 9 | 10-12 | 13-15 | 16-18 | 19-21 || total
-------------------------+-------+-------+-------+-------+-------+-------+-------++-------
Melee: Unarmed           |    34 |    77 |    36 |     9 |       |       |       ||   156
       Lajatang          |       |       |    34 |       |       |       |       ||    34
       Quarterstaff      |       |       |   226 |   523 |   874 |  1310 |   125 ||  3058
       Kick              |       |       |       |    12 |   107 |    96 |       ||   215
 Cast: Sandblast         |    58 |    89 |   116 |    24 |   247 |       |       ||   534
       Stone Arrow       |     2 |     1 |    65 |   197 |   116 |    26 |       ||   407
       Passwall          |       |       |     3 |       |       |       |       ||     3
       Petrify           |       |       |       |     2 |    10 |    42 |     2 ||    56
       Lee's Rapid Decon |       |       |       |       |    25 |    50 |       ||    75
       Statue Form       |       |       |       |       |    16 |    67 |     6 ||    89
       Repel Missiles    |       |       |       |       |       |     1 |       ||     1
Invok: Stack Five        |       |       |       |       |     3 |       |       ||     3
 Abil: Evoke Blink       |       |       |       |     1 |    14 |     6 |       ||    21
       Evoke Invisibilit |       |       |       |       |     4 |       |       ||     4
       End Transformatio |       |       |       |       |     1 |     4 |       ||     5
Evoke: Wand              |       |       |     5 |     1 |    47 |     5 |     1 ||    59
       Deck              |       |       |       |     4 |    13 |     4 |     1 ||    22
       Disc of storms    |       |       |       |       |       |    10 |     5 ||    15
       Box of beasts     |       |       |       |       |       |     3 |     7 ||    10
  Use: Scroll            |     3 |     4 |     9 |    16 |    11 |    11 |       ||    54
       Potion            |       |     1 |     1 |    12 |     9 |    13 |       ||    36
 Stab: Sleeping          |     1 |     4 |     9 |    16 |    17 |     5 |       ||    52
       Distracted        |     1 |       |     2 |     3 |     3 |       |     2 ||    11
       Invisible         |       |       |       |     1 |    11 |       |       ||    12
       Confused          |       |       |       |     1 |       |       |       ||     1
       Petrified         |       |       |       |       |     2 |     7 |     3 ||    12
       Petrifying        |       |       |       |       |     1 |     2 |     1 ||     4
  Eat: Chunk             |     4 |     2 |    21 |    36 |    43 |    39 |       ||   145
       Bread ration      |       |     1 |       |     1 |     1 |     1 |       ||     4
       Fruit             |       |       |     1 |       |     2 |     2 |     3 ||     8
       Meat ration       |       |       |     2 |       |     1 |     7 |     1 ||    11
       Beef jerky        |       |       |       |     3 |     1 |       |       ||     4
       Pizza             |       |       |       |       |     2 |     2 |       ||     4
       Royal jelly       |       |       |       |       |     3 |     1 |       ||     4
Armor: Robe              |    23 |    36 |   109 |   197 |   219 |    54 |     4 ||   642
       Skin              |       |       |       |     2 |   144 |   799 |    79 ||  1024
Dodge: Dodged            |    69 |   124 |   349 |   625 |  1222 |  2265 |   224 ||  4878
       Deflected         |       |       |       |       |       |     1 |       ||     1
